 Dungeon Sprint DCSS version 0.29-a0-330-g52719c12eb (webtiles) character file.

Game seed: 8594449746988761407

4205 jt the Covert (level 10, -4/77 HPs)
             Began as a Djinni Enchanter on Apr 30, 2022.
             Was an Initiate of Gozag.
             Slain by an unseen horror (6 damage)
             ... in the Dungeon (Sprint I: "Red Sonja").
             The game lasted 00:07:23 (1367 turns).

jt the Covert (Djinni Enchanter)                    Turns: 1367, Time: 00:07:23

Health: -4/77      AC:  5    Str:  4 (7)  XL:     10   Next: 54%
Gold:   1599       EV: 11    Int: 21 (22) God:    Gozag SH:  0 Dex: 15 (16)

rFire   + + .      SeeInvis .   a - +1 dagger
rCold   . . .      Faith    .   (no shield)
rNeg    . . .      Spirit   .   l - +1 leather armour {rC+}
rPois   ∞          Reflect  .   j - +0 hat {Int+3}
rElec   .          Harm     .   r - +0 cloak
rCorr   .          Rampage  .   (no gloves)
Will    +....      NoTele   +   (boots unavailable)
Stlth   +++++.....              (no amulet)
HPRegen 0.22/turn               (no ring)
MPRegen 0.00/turn               (no ring)

@: flying
A: sickness immunity, fire resistance 2, cold vulnerability 1, float, innate
caster, HP casting, extra vitality 1
a: Renounce Religion, Potion Petition, Call Merchant, Bribe Branch


You were in the Dungeon.
You worshipped Gozag.
Gozag was most pleased with you.
You visited 1 branch You collected 1980 gold pieces.
You spent 381 gold pieces at shops.

Inventory:

Hand Weapons
 a - a +1 dagger (weapon)
 c - a +1 dagger of holy wrath
 f - a +0 dagger of distortion
 g - a +0 trident
 k - a +0 scythe
 q - a +0 long sword
Armour
 b - a +0 robe
 j - a +0 hat of intelligence (worn)
 l - a +1 leather armour of cold resistance (worn)
 r - a +0 cloak (worn)
Scrolls
 e - a scroll of magic mapping {unknown}
 h - a scroll of blinking
 n - 2 scrolls of fog {unknown}
 o - a scroll of acquirement {unknown}
 p - 2 scrolls of identify {unknown}
Potions
 d - a potion of curing


   Skills:
 + Level 8.7 Fighting
 + Level 6.0 Short Blades
 - Level 4.5 Throwing
 + Level 1.2 Armour
 + Level 2.7 Dodging
 + Level 12.7 Stealth
 + Level 7.9 Spellcasting
 - Level 12.0 Evocations


You had 5 spell levels left.
You knew the following spells:

 Your Spells              Type           Power      Damage    Failure   Level
a - Ensorcelled Hibernat  Hex/Ice        82%        N/A       1%          2
b - Confusing Touch       Hex            41%        N/A       1%          3
c - Tukima's Dance        Hex            41%        N/A       1%          3
d - Dazzling Flash        Conj/Hex       82%        N/A       1%          3
e - Animate Skeleton      Necr           82%        N/A       1%          1
f - Static Discharge      Conj/Air       41%        N/A       1%          2
g - Corpse Rot            Necr/Air       82%        N/A       1%          2
h - Conjure Flame         Conj/Fire      41%        6-21      1%          3
Your spell library was empty.

Dungeon Overview and Level Annotations

Branches:
Dungeon (1/1)

Altars:
Cheibriados
Dithmenos
Elyvilon
Fedhas
Gozag
Hepliaklqana
Kikubaaqudgha
Makhleb
Nemelex Xobeh
Okawaru
Qazlal
Ru
Sif Muna
Trog
Uskayaw
Vehumet
Wu Jian
Xom
Yredelemnul
Zin
The Shining One
Jiyva
Lugonu

Shops:
D [*[


Innate Abilities, Weirdness & Mutations

You are immune to sickness and miasma.
You are immune to poison.
Your flesh is very heat resistant. (rF++)
You are vulnerable to cold. (rC-)
You float through the air rather than walking.
You learn spells naturally, not from books.
Your magical power is your life essence.
You have superior vitality. (+4 MHP)


Message History

You hit something but do no damage. Something hits you.
* * * LOW HITPOINT WARNING * * *
You feel better. Something hits you but does no damage.
You aren't carrying any items that you can evoke.
You aren't carrying any items that you can evoke.
It was a potion of degeneration.
There was something very wrong with that liquid.
You feel weakened.
You feel dopey.
You feel clumsy. Something hits you.
* * * LOW HITPOINT WARNING * * *
Something hits you.
* * * LOW HITPOINT WARNING * * *
You feel better. Something hits you.
* * * LOW HITPOINT WARNING * * *
Unknown command.
Casting: Ensorcelled Hibernation (safe; 1% risk of failure)
Confirm with . or Enter, or press ? or * to list all spells.
Okay, then.
Unknown command.
Casting: Ensorcelled Hibernation (safe; 1% risk of failure)
Confirm with . or Enter, or press ? or * to list all spells.
Aiming: Ensorcelled Hibernation (safe; 1% risk of failure)
Press: ? - help, Shift-Dir - straight line
Aim: Disturbance (purple smoke) Nothing appears to happen.
* * * LOW HITPOINT WARNING * * *
Something hits you!
* * * LOW HITPOINT WARNING * * *
Something hits you but does no damage.
Casting: Ensorcelled Hibernation (safe; 1% risk of failure)
Confirm with . or Enter, or press ? or * to list all spells.
Aiming: Ensorcelled Hibernation (safe; 1% risk of failure)
Press: ? - help, Shift-Dir - straight line
Aim: Disturbance (purple smoke) Nothing appears to happen.
* * * LOW HITPOINT WARNING * * *
Something hits you but does no damage.
You hit something. Something barely misses you. Something hits you.
You die...
Your body crumbles into a pile of gold.

##_.#'##'#####§###
###'#.#..§.###.'.#
###.####'###)###.#
.'...[.....')∩##.#
$$
##...###########.#
$$ $ $ ###.###
......##§#


$$$$$$$$$ #.#'#.# .......+.# $$$$$$$$$ #.....# ++######§#$ $$$$$$ #.....# #@#
$$$ ####### +{#$$ ### $ $$$$$ There were no monsters in sight!

Vanquished Creatures
  2 centaur warriors (D)
  Sonja (D)
  A deep troll (D)
  An oklob plant (D)
  2 kobold demonologists (D)
  A hornet (D)
  A slime creature (D)
  Sigmund (D)
  A yak (D)
  2 redbacks (D)
  An ogre (D)
  A jelly (D)
  Ijyb (D)
  A ballistomycete spore (D)
17 creatures vanquished.

Vanquished Creatures (others)
  A floating eye (D)
  A ballistomycete spore (D)
2 creatures vanquished.

Grand Total: 19 creatures vanquished

Notes
Turn   | Place    | Note
-------+----------+-------------------------------------------
     0 | D        | jt the Djinni Enchanter began the quest for the Orb.
     0 | D        | Reached XP level 1. HP: 15/15 MP: 0/0
     1 | D        | Noticed Ijyb
    15 | D        | Killed Ijyb
    16 | D        | Reached skill level 5 in Stealth
    16 | D        | Reached XP level 2. HP: 16/21 MP: 0/0
    16 | D        | Reached XP level 3. HP: 19/25 MP: 0/0
    16 | D        | Learned a level 1 spell: Animate Skeleton
   152 | D        | Noticed an ogre
   155 | D        | Killed an ogre
   156 | D        | Reached XP level 4. HP: 31/31 MP: 0/0
   156 | D        | Reached XP level 5. HP: 35/35 MP: 0/0
   156 | D        | Learned a level 2 spell: Static Discharge
   172 | D        | Noticed Sigmund
   174 | D        | Killed Sigmund
   175 | D        | Reached XP level 6. HP: 40/40 MP: 0/0
   182 | D        | Found an ornate altar of the Wu Jian Council.
   189 | D        | Found Garaxoc's General Store.
   189 | D        | Found a hazy altar of Hepliaklqana.
   189 | D        | Found a stormy altar of Qazlal.
   189 | D        | Found a hide-covered altar of Uskayaw.
   189 | D        | Found a blossoming altar of Fedhas.
   189 | D        | Found a bloodstained altar of Trog.
   189 | D        | Found an iron altar of Okawaru.
   189 | D        | Found a basalt altar of Yredelemnul.
   189 | D        | Found a glowing golden altar of the Shining One.
   189 | D        | Found a snail-covered altar of Cheibriados.
   189 | D        | Found a sacrificial altar of Ru.
   189 | D        | Found a glowing silver altar of Zin.
   189 | D        | Found a shadowy altar of Dithmenos.
   189 | D        | Found a white marble altar of Elyvilon.
   189 | D        | Noticed a yak
   190 | D        | Found an opulent altar of Gozag.
   192 | D        | Killed a yak
   193 | D        | Reached skill level 10 in Stealth
   193 | D        | Reached XP level 7. HP: 28/45 MP: 0/0
   193 | D        | Learned a level 2 spell: Corpse Rot
   193 | D        | Found a sparkling altar of Nemelex Xobeh.
   200 | D        | Became a worshipper of Gozag Ym Sagoz the Greedy
   207 | D        | Noticed Sonja
   211 | D        | Killed Sonja
   212 | D        | Reached skill level 5 in Spellcasting
   212 | D        | Reached XP level 8. HP: 40/58 MP: 0/0
   216 | D        | Noticed a deep troll
   228 | D        | Killed a deep troll
   229 | D        | Reached skill level 5 in Fighting
   229 | D        | Reached skill level 10 in Evocations
   229 | D        | Reached XP level 9. HP: 22/65 MP: 0/0
   229 | D        | Learned a level 3 spell: Conjure Flame
   239 | D        | Found Orchery's Antique Armour Boutique.
   247 | D        | Bought an embroidered hat for 196 gold pieces
   278 | D        | Found Setirch's Armour Emporium.
   283 | D        | Bought a +1 leather armour of cold resistance for 140 gold
                  | pieces
   522 | D        | Found a burning altar of Makhleb.
   522 | D        | Found a shimmering altar of Xom.
   522 | D        | Noticed a slime creature
   523 | D        | Found a viscous altar of Jiyva.
   523 | D        | Found a corrupted altar of Lugonu.
   527 | D        | Killed a slime creature
   528 | D        | Reached skill level 1 in Short Blades
   563 | D        | Bought a +0 cloak for 45 gold pieces
   592 | D        | Noticed a kobold demonologist
   593 | D        | Noticed a kobold demonologist
   598 | D        | Paralysed by a floating eye for 3 turns
   606 | D        | Paralysed by a floating eye for 3 turns
   610 | D        | Noticed a smoke demon
   612 | D        | Killed a kobold demonologist
   614 | D        | Noticed a smoke demon
   618 | D        | Killed a kobold demonologist
   822 | D        | Noticed a centaur warrior
   822 | D        | Noticed a centaur warrior
   938 | D        | Killed a centaur warrior
   939 | D        | Reached XP level 10. HP: 40/75 MP: 0/0
   948 | D        | Killed a centaur warrior
   949 | D        | Reached skill level 5 in Short Blades
  1313 | D        | Noticed an oklob plant
  1315 | D        | Killed an oklob plant
  1331 | D        | Reached skill level 1 in Armour
  1365 | D        | HP: 3/77 [something (10)]
  1367 | D        | Slain by an unseen horror

Illustrated notes

Levels and vault maps discovered:
D:        dungeon_sprint_1 [red_sonja_temple_1, red_sonja_temple_small_1]

Skill      XL: |  1  2  3  4  5  6  7  8  9 10 |
---------------+-------------------------------+-----
Stealth        | 5 7 9 10 11 12 | 12.7
Evocations     | 4 7 8 9 10 11 12 | 12.0
Spellcasting   | 4 5 6 7 |  7.9
Fighting       | 4 5 7 8 |  8.7
Throwing       | 3 4 |  4.5
Short Blades   | 4 6 |  6.0
Armour         | 1 |  1.2
Dodging        | |  2.7

Action                   |  1- 3 |  4- 6 |  7- 9 | 10-12 || total
-------------------------+-------+-------+-------+-------++-------
Melee: Dagger            |    12 |     4 |    24 |    14 ||    54
Throw: Dart              |       |       |     2 |     5 ||     7
 Cast: Animate Skeleton  |       |     2 |       |       ||     2
       Ensorcelled Hiber |       |       |     3 |     8 ||    11
Evoke: Wand              |     3 |       |     4 |       ||     7
  Use: Potion            |     1 |       |     3 |     4 ||     8
 Stab: Sleeping          |       |     3 |     5 |     4 ||    12
       Invisible         |       |       |     2 |       ||     2
       Distracted        |       |       |       |     1 ||     1
Armor: Robe              |     1 |       |       |       ||     1
       Leather armour    |       |       |    12 |    12 ||    24
Dodge: Dodged            |     5 |       |    22 |     6 ||    33

Table legend: (Time is in decaauts)
 A = Elapsed time spent in this place.
 B = Non-inter-level travel time spent in this place.
 C = Inter-level travel time spent in this place.
 D = Time resting spent in this place.
 E = Time spent auto-exploring this place.
 F = Levels seen in this place.
 G = Mean time per level.
                   A        B        C        D        E       F      G
               +--------+--------+--------+--------+--------+-----+--------+
         Total |   1347 |   1301 |     46 |    854 |      0 |   1 | 1347.0 |
       Dungeon |   1347 |   1301 |     46 |    854 |      0 |   1 | 1347.0 |
               +--------+--------+--------+--------+--------+-----+--------+

Top non-repeatable levels by time:
       D: 1347 daAuts
